 Dungeon Crawl Stone Soup version 0.14-a0-1876-g927fc3a (webtiles) character file.

3345 Kae the Martial Artist (level 9, 0/64 HPs)
             Began as a Red Draconian Transmuter on Jan 14, 2014.
             Was a Follower of Sif Muna.
             Slain by Erolcha
             ... wielding a +2,+10 giant club
              (29 damage)
             ... on Level 8 of the Dungeon.
             The game lasted 00:20:01 (9647 turns).

Kae the Martial Artist (Red Draconian Transmuter)   Turns: 9647, Time: 00:20:01

HP   0/64        AC 10     Str 12      XL: 9   Next: 53%
MP  14/14        EV 12     Int 13      God: Sif Muna [*.....]
Gold 364         SH  0     Dex 16      Spells:  3 memorised,  6 levels left

rFire  + . .     SeeInvis .       - Unarmed
rCold  + . .     Clarity  .     (armour unavailable)
rNeg   . . .     Conserve .     (no shield)
rPois  .         rCorr    .     x - +2 hat
rElec  .         rRot     .     l - +0 cloak
SustAb . .       Spirit   .     (no gloves)
rMut   .         Warding  .     (boots unavailable)
Saprov . . .     Stasis   .     y - amulet of inaccuracy {unknown}
MR     .....                    (no ring)
                                k - ring of protection from cold

@: appendage (expiring), short of breath, silence, not resistant to hostile
enchantments, extremely unstealthy
A: breathe fire, unfitting armour, talons 3, fire resistance 1, AC +7
a: Breathe Fire, End Transformation


You were on level 8 of the Dungeon.
You worshipped Sif Muna.
Sif Muna was aware of your devotion.
You were hungry.
You had grown temporary talons.
You visited 2 branches of the dungeon, and saw 9 of its levels.
You also visited: Sewer.

You collected 364 gold pieces.

Inventory:

Missiles
 b - 92 arrows
 m - 5 tomahawks of returning
 u - 3 silver tomahawks (quivered)
 G - 3 poisoned tomahawks
Armour
 l - a +0 cloak (worn)
 x - a +2 hat (worn)
Magical devices
 g - a wand of digging (11)
 K - a wand of lightning (3) {unknown}
Comestibles
 a - 4 bread rations
 B - 4 meat rations
 E - a pear
 Q - an apple
Scrolls
 e - 3 scrolls of enchant weapon I
 f - a scroll of enchant weapon II
 h - 7 scrolls of identify
 i - 3 scrolls of remove curse
 j - 2 scrolls of random uselessness
 w - a scroll of magic mapping
 A - a scroll of immolation
 D - a scroll of noise
 O - a scroll of fog
 R - a scroll of amnesia
Jewellery
 k - a ring of protection from cold (left hand)
 t - an uncursed ring of protection from magic {unknown}
 y - an amulet of inaccuracy (around neck) {unknown}
 S - an uncursed amulet of faith {unknown}
Potions
 c - a potion of heal wounds
 n - a potion of beneficial mutation {unknown}
 o - a potion of cure mutation {unknown}
 q - a potion of lignification {unknown}
 r - a potion of porridge
 s - 2 potions of flight
 v - 2 potions of brilliance {unknown}
 C - 5 potions of curing
 F - a potion of magic {unknown}
 J - a potion of poison {unknown}
 P - a potion of agility {unknown}
Books
 d - a book of Changes

   Spells                             Type                      Level
   *Beastly Appendage                 Transmutation                1
   *Sticks to Snakes                  Transmutation                2
   *Spider Form                       Transmutation/Poison         3
   Ice Form                           Ice/Transmutation            4
   Blade Hands                        Transmutation                5
 p - a book of Unlife

   Spells                             Type                      Level
   Recall                             Summoning/Translocation      3
   Animate Dead                       Necromancy                   4
   Control Undead                     Necromancy                   4
   Twisted Resurrection               Necromancy                   5
   Death Channel                      Necromancy                   6
   Simulacrum                         Ice/Necromancy               6
 H - a book of Control

   Spells                             Type                      Level
   Control Teleport                   Charms/Translocation         4
   Control Undead                     Necromancy                   4
   Enslavement                        Hexes                        4
   Mass Confusion                     Hexes                        6
   Metabolic Englaciation             Hexes/Ice                    6
 M - a book of Unlife

   Spells                             Type                      Level
   Recall                             Summoning/Translocation      3
   Animate Dead                       Necromancy                   4
   Control Undead                     Necromancy                   4
   Twisted Resurrection               Necromancy                   5
   Death Channel                      Necromancy                   6
   Simulacrum                         Ice/Necromancy               6


   Skills:
 - Level 1.1 Fighting
 - Level 1.7 Dodging
 * Level 11.3 Unarmed Combat
 - Level 2.0 Spellcasting
 + Level 7.7 Transmutations


You had 6 spell levels left.
You knew the following spells:

 Your Spells              Type           Power        Failure   Level  Hunger
a - Beastly Appendage     Trmt           ###...       1%          1    ##.....
b - Sticks to Snakes      Trmt           ###.......   1%          2    ###....
c - Spider Form           Trmt/Pois      ##........   17%         3    ####...


Dungeon Overview and Level Annotations

Branches:
Dungeon (8/16)             Temple (1/1) D:6
   Lair: D:8-11

Altars:
Ashenzari
Cheibriados
Elyvilon
Fedhas
Kikubaaqudgha
Makhleb
Nemelex Xobeh
Okawaru
Sif Muna
Trog
Vehumet
Xom
Yredelemnul
Zin
the Shining One

Shops:
D:5 (

Annotations:
D:8 Dowan, Erolcha, Maurice


Innate Abilities, Weirdness & Mutations

You can breathe blasts of fire.*
Your fiery red scales are hard (AC +7).*
Your body does not fit into most forms of armour.
Your cold-blooded metabolism reacts poorly to cold.
Your flesh is heat resistant.*
You have claws for feet.*


Message History

Dowan gestures wildly while chanting.
Dowan blinks!
Read which item? (? for menu, Esc to quit)
As you read the scroll labeled QUITTE MAGE, it crumbles to dust.
Use on which item? (\ to view known items) (? for menu, Esc to quit)
Nothing appears to happen.
Read which item? (? for menu, Esc to quit)
As you read the scroll labeled ZACOLENUXE, it crumbles to dust.
Nothing appears to happen.
Dowan zaps a wand.
Some rock shatters into small pieces.
Erolcha gestures at you while chanting. The magic dart hits you!
Read which item? (? for menu, Esc to quit)
As you read the scroll labeled OSAYM LOINOZIK, it crumbles to dust.
A profound silence engulfs you.
It was a scroll of silence.
Erolcha hits you with a giant club!
* * * LOW HITPOINT WARNING * * *
Drink which item? (? for menu, Esc to quit)
You feel much better. Erolcha hits you with a giant club!
You die...

.$..........# #.#####...## #
. #.... .. #...# # # #...###
##.#### . ...... ....... . #.
#...# ####.#### ..##.## #...#
.......... ....... #@#.#
#..........
........###O#%####..........
S..S...ยง.)..................
........##....####..........
..##### #..... #.####..###
#....#e #.# #..#
..###....##.#.# #..#
.........####.####..###
.......................


You could see Erolcha and Dowan (inner flame).

Vanquished Creatures
  The ghost of Mygna the Conjurer, an experienced DECj (D:6)
  A hungry ghost (D:8)
  The ghost of Kae the Insei, an average DrTm (Sewer)
  An orc warrior (D:6)
  A sky beast (D:6)
  2 phantoms (D:6)
  3 ogres
  The ghost of Zuul the Charmwright, an average DsSk (D:3)
  A big kobold (Sewer)
  2 centaurs (D:6)
  Duvessa (D:8)
  5 giant frogs
  3 killer bees (D:7)
  2 crimson imps
  A goliath beetle (D:6)
  2 hounds
  A big fish (Sewer)
  A black bear zombie (D:5)
  A scorpion (D:6)
  4 orc priests
  6 orc wizards
  2 iguanas
  3 worker ants
  2 ogre skeletons
  12 adders
  A spectral human (D:7)
  A giant mite (D:5)
  A green rat (D:5)
  2 worms
  An adder zombie (D:6)
  4 grey rats (Sewer)
  A giant eyeball (D:5)
  9 giant geckos
  2 oozes
  24 orcs
  12 bats
  A bat skeleton (D:5)
  A giant cockroach (D:6)
  13 goblins
  13 hobgoblins
  3 jackals
  4 quokkas
  4 ball pythons
  5 giant newts
  A hobgoblin zombie (D:5)
  11 kobolds
  A kobold zombie (D:5)
  A quokka skeleton (D:4)
  11 rats
187 creatures vanquished.

Notes
Turn   | Place    | Note
--------------------------------------------------------------
     0 | D:1      | Kae, the Draconian Transmuter, began the quest for the Orb.
     0 | D:1      | Reached XP level 1. HP: 16/16 MP: 3/3
   354 | D:1      | Reached XP level 2. HP: 23/23 MP: 4/4
   705 | D:1      | HP: 1/23 [adder (3)]
   965 | D:2      | Reached XP level 3. HP: 28/28 MP: 4/6
   969 | D:2      | Learned a level 2 spell: Sticks to Snakes
   973 | D:2      | Learned a level 3 spell: Spider Form
  1003 | D:2      | Reached skill level 4 in Unarmed Combat
  1478 | D:2      | Reached XP level 4. HP: 35/35 MP: 7/7
  1783 | D:3      | Noticed an ogre
  1942 | D:3      | Noticed Zuul's ghost (average DsSk)
  2094 | D:3      | Killed an ogre
  2094 | D:3      | Reached skill level 5 in Unarmed Combat
  2094 | D:3      | Reached XP level 5. HP: 19/40 MP: 5/9
  2369 | D:3      | Killed Zuul's ghost
  2594 | D:3      | Reached XP level 6. HP: 47/47 MP: 10/10
  2600 | D:3      | Reached skill level 6 in Unarmed Combat
  4104 | D:4      | Your scales start taking on a fiery red colour.
  4104 | D:4      | Gained mutation: Your flesh is heat resistant. [draconian maturity]
  4104 | D:4      | Reached XP level 7. HP: 34/52 MP: 12/12
  4278 | D:4      | Reached skill level 7 in Unarmed Combat
  4555 | D:5      | Entered Level 5 of the Dungeon
  4589 | D:5      | Found a glowing drain.
  4694 | Sewer    | Entered a sewer
  4790 | Sewer    | Noticed Kae's ghost (average DrTm)
  4823 | Sewer    | Killed Kae's ghost
  4823 | Sewer    | Reached skill level 5 in Transmutations
  5301 | Sewer    | Found a glowing silver altar of Zin.
  5442 | D:5      | Reached skill level 8 in Unarmed Combat
  5603 | D:5      | Found Qucvoifa's Weapon Shoppe.
  5751 | D:5      | Found a glowing silver altar of Zin.
  5751 | D:5      | Found a white marble altar of Elyvilon.
  5751 | D:5      | Found a glowing golden altar of the Shining One.
  5829 | D:5      | Reached XP level 8. HP: 46/59 MP: 13/13
  5999 | D:5      | Paralysed by a giant eyeball for 2 turns
  6009 | D:5      | Paralysed by a giant eyeball for 3 turns
  6586 | D:6      | Found a staircase to the Ecumenical Temple.
  6609 | Temple   | Entered the Ecumenical Temple
  6613 | Temple   | Became a worshipper of Sif Muna the Loreminder
  6702 | D:6      | Noticed Mygna's ghost (experienced DECj)
  6817 | D:6      | Reached skill level 9 in Unarmed Combat
  6867 | D:6      | Killed Mygna's ghost
  7222 | D:6      | Reached skill level 10 in Unarmed Combat
  7464 | D:6      | Reached XP level 9. HP: 59/64 MP: 14/14
  7533 | D:6      | Found a bloodstained altar of Trog.
  7723 | D:6      | Acquired Sif Muna's first power
  9079 | D:7      | Found a basalt altar of Yredelemnul.
  9324 | D:8      | Noticed Maurice
  9406 | D:8      | Reached skill level 11 in Unarmed Combat
  9618 | D:8      | Noticed Duvessa
  9619 | D:8      | Noticed Dowan
  9630 | D:8      | Killed Duvessa
  9636 | D:8      | Noticed Erolcha
  9647 | D:8      | Slain by Erolcha

Action                   |  1- 3 |  4- 6 |  7- 9 || total
-------------------------+-------+-------+-------++-------
Melee: Unarmed           |   103 |   194 |   595 ||   892
 Cast: Beastly Appendage |    12 |    20 |    52 ||    84
       Spider Form       |       |     2 |     4 ||     6
 Abil: Breathe Fire      |       |       |     8 ||     8
  Use: Potion            |     1 |     1 |     5 ||     7
       Scroll            |       |       |    17 ||    17
